 Dungeon Crawl Stone Soup version 0.17.1-3-g152610e (webtiles) character file.

2628 Romlok the Grave Robber (level 9, 0/40 HPs)
             Began as a Vine Stalker Necromancer on Apr 24, 2016.
             Was an Elder of Okawaru.
             Slain by Joseph
             ... wielding a +5 quarterstaff of protection
              (14 damage)
             ... on level 8 of the Dungeon.
             The game lasted 02:07:57 (8911 turns).

Romlok the Grave Robber (Vine Stalker Necromancer)  Turns: 8911, Time: 02:07:57

Health: 0/40       AC:  3    Str: 10    XL:     9   Next: 61%
Magic:  0/14       EV: 15    Int: 15    God:    Okawaru [****..]
Gold:   367        SH:  8    Dex: 26    Spells: 4 memorised, 8 levels left

rFire  . . .     SeeInvis .     x - +3 short sword of Ceont {flame, Dex+7}
rCold  . . .     Clarity  .     g - +0 robe {rN+}
rNeg   + . .     SustAt   .     s - +1 buckler
rPois  +         Gourm    .     B - +0 helmet
rElec  .         Spirit   +     (no cloak)
rCorr  .         Warding  .     (no gloves)
rMut   .         Stasis   .     (no boots)
MR     +....                    t - amulet of faith
Stlth  ++........               r - ring of loudness (curse)
                                h - ring of poison resistance

@: about to teleport, somewhat resistant to hostile enchantments, unstealthy
A: fangs 3, frail 1, low mp 1, regeneration 2, spit poison 1, magic shield,
antimagic bite, no device heal 3, rot immunity, subdued magic 1
a: Spit Poison, Heroism, Renounce Religion


You were on level 8 of the Dungeon.
You worshipped Okawaru.
Okawaru was greatly pleased with you.
You were not hungry.

You visited 2 branches of the dungeon, and saw 9 of its levels.
You also visited: Sewer.

You collected 367 gold pieces.

Inventory:

Hand Weapons
 a - a +0 dagger of flaming
 k - a +1 trident of protection
 x - the +3 short sword of Ceont (weapon) {flame, Dex+7}
   (You found it on level 5 of the Dungeon)

   It has been specially enchanted to burn those struck by it, causing extra
   injury to most foes and up to half again as much damage against particularly
   susceptible opponents.
   It affects your dexterity (+7).
 C - the cursed +1 bardiche "Qiudurea" {drain, +Blink +Fly, unknown}
   (You found it on level 5 of the Dungeon)

   A truly terrible weapon, it drains the life of those it strikes.
   It lets you fly.
   It lets you blink.
   It has a curse placed upon it.
 H - a +0 falchion
Missiles
 f - 11 tomahawks (quivered)
 M - 6 javelins of penetration
Armour
 g - a +0 robe of positive energy (worn)
 s - a +1 buckler (worn)
 B - a +0 helmet (worn)
Jewellery
 e - an uncursed amulet of clarity
 h - a ring of poison resistance (left hand)
 l - an uncursed ring of magical power
 r - a cursed ring of loudness (right hand)
 t - an amulet of faith (around neck)
 z - an uncursed ring of protection from magic
 I - a +3 ring of protection
 P - a +5 ring of protection
Wands
 o - a wand of frost (40)
 u - a wand of flame (15)
 A - a wand of polymorph (13)
 N - a wand of fireball (10)
Scrolls
 j - a scroll of magic mapping
 m - a scroll of amnesia
 n - 6 scrolls of identify
 y - a scroll of blinking
 E - a scroll of teleportation
 F - 2 scrolls of enchant armour
 K - 2 scrolls of recharging
Potions
 d - 3 potions of might
 p - a potion of agility
 v - 5 potions of curing
 D - 2 potions of brilliance
 G - a potion of flight
Books
 b - a book of Necromancy

   Spells                             Type                      Level
   a - Pain                           Necromancy                   1
   b - Animate Skeleton               Necromancy                   1
   c - Vampiric Draining              Necromancy                   3
   d - Regeneration                   Charms/Necromancy            3
   e - Animate Dead                   Necromancy                   4
   f - Control Undead                 Necromancy                   4
 L - a book of Air

   Spells                             Type                      Level
   a - Shock                          Conjuration/Air              1
   b - Swiftness                      Charms/Air                   2
   c - Repel Missiles                 Charms/Air                   2
   d - Static Discharge               Conjuration/Air              3
   e - Lightning Bolt                 Conjuration/Air              5
Comestibles
 c - 4 bread rations
 i - a slice of pizza
 q - a royal jelly
 w - 2 meat rations
 J - a beef jerky
 O - 2 chunks of flesh


   Skills:
 - Level 4.1 Fighting
 * Level 6.0 Long Blades
 - Level 2.4 Armour
 - Level 3.2 Dodging
 - Level 2.4 Stealth
 - Level 4.3 Shields
 - Level 4.0 Spellcasting
 - Level 6.8 Necromancy
 - Level 2.0 Invocations


You had 8 spell levels left.
You knew the following spells:

 Your Spells              Type           Power        Failure   Level  Hunger
a - Pain                  Necr           ###.         1%          1    None
b - Animate Skeleton      Necr           N/A          1%          1    None
d - Vampiric Draining     Necr           ###.......   1%          3    ###....
r - Regeneration          Chrm/Necr      #.........   9%          3    ###....


Dungeon Overview and Level Annotations

Branches:
Dungeon (8/15)             Temple (1/1) D:5
   Lair: D:8-11

Altars:
Ashenzari
Cheibriados
Dithmenos
Elyvilon
Fedhas
Gozag
Kikubaaqudgha
Makhleb
Nemelex Xobeh
Okawaru
Qazlal
Ru
Sif Muna
Trog
Vehumet
Xom
Yredelemnul
Zin

Shops:
D:5 !   D:7 (

Annotations:
D:2 Sigmund
D:3 Glider's ghost, amateur HOGl
D:4 Pikel
D:8 Joseph


Innate Abilities, Weirdness & Mutations

You have razor-sharp teeth.
You heal very quickly.
When hurt, damage is shared between your health and your magic reserves.
Your bite disrupts and absorbs the magic of your enemies.
Potions and wands cannot restore your health.
You are immune to rotting.
You are frail (-10% HP).
Your magical capacity is low (-10% MP).
You can spit weak poison.
Your spells are a little easier to cast, but a little less powerful.


Message History

You block Joseph's attack.
You closely miss Joseph. You bite Joseph, but do no damage.
Joseph is lightly wounded.
You block Joseph's attack.
You hit Joseph but do no damage. You bite Joseph, but do no damage.
Joseph is lightly wounded.
Joseph hits you with an uncursed quarterstaff of protection!
* * * LOW HITPOINT WARNING * * *
Read which item? (? for menu, Esc to quit)
As you read the scroll of teleportation, it crumbles to dust.
You feel strangely unstable. You block Joseph's attack.
You hit Joseph. You burn Joseph.
Joseph is moderately wounded.
You block Joseph's attack.
You closely miss Joseph. Your bite misses Joseph.
Joseph is lightly wounded.
You hit Joseph but do no damage. Your bite misses Joseph.
Joseph is lightly wounded.
Joseph hits you with an uncursed quarterstaff of protection!
You die...

####...###...#######
#.......#...#
#.......#####
#.......# #.......#
.#####..((...#
........[..###
.#####)....#
#....)@...#
#.##.##@..# #. ...##
........ #. .######
#.#. ≈≈≈ ≈≈≈ ≈≈≈ ≈≈≈


You could see Joseph.

Vanquished Creatures
  2 hungry ghosts (D:7)
  An orc warrior (D:6)
  4 slaves (D:3)
  2 ice beasts (D:6)
  2 ogres
  A centaur (D:8)
  A big kobold (Sewer)
  3 giant frogs (D:6)
  2 scorpions
  An electric eel (D:6)
  4 crimson imps
  7 orc priests
  A centaur skeleton (D:8)
  A centaur zombie (D:8)
  A giant frog skeleton (D:6)
  2 hounds
  3 jellies
  4 iguanas
  Jessica (D:2)
  4 worker ants
  10 orc wizards
  A hound zombie (D:6)
  8 adders
  4 gnolls (D:5)
  2 river rats
  An ooze (D:1)
  A worm (D:3)
  9 giant geckos
  37 orcs
  10 giant cockroaches
  16 goblins
  8 hobgoblins
  21 jackals
  4 quokkas
  5 bats
  A giant gecko zombie (D:6)
  3 giant newts
  11 kobolds
  15 rats
214 creatures vanquished.

Vanquished Creatures (collateral kills)
  An ogre (D:6)
  A hound (D:3)
  An orc wizard (D:6)
  A gnoll (D:2)
  2 worms
  A giant gecko (D:3)
  2 orcs
  A quokka (D:2)
  A bat (D:3)
  2 goblins
  A quokka skeleton (D:5)
  A rat (D:3)
  A plant (D:6)
16 creatures vanquished.

Vanquished Creatures (others)
  An orc (D:4)
  2 plants (D:6)
3 creatures vanquished.

Grand Total: 233 creatures vanquished

Notes
Turn   | Place    | Note
--------------------------------------------------------------
     0 | D:1      | Romlok the Vine Stalker Necromancer began the quest for the Orb.
     0 | D:1      | Reached XP level 1. HP: 9/9 MP: 4/4
     2 | D:1      | Learned a level 1 spell: Animate Skeleton
   178 | D:1      | Reached XP level 2. HP: 11/13 MP: 3/6
   618 | D:1      | Gained mutation: Your magical capacity is low (-10% MP). [potion of mutation]
   618 | D:1      | Gained mutation: Your spells are a little easier to cast, but a little less powerful. [potion of mutation]
   618 | D:1      | Gained mutation: You are frail (-10% HP). [potion of mutation]
   642 | D:1      | Reached XP level 3. HP: 14/14 MP: 7/7
   884 | D:1      | Gained mutation: You can spit weak poison. [potion of beneficial mutation]
  1013 | D:2      | Noticed Jessica
  1019 | D:2      | Killed Jessica
  1019 | D:2      | Reached XP level 4. HP: 16/18 MP: 9/9
  1033 | D:2      | Noticed Sigmund
  1410 | D:2      | Found an iron altar of Okawaru.
  1423 | D:2      | Became a worshipper of Warmaster Okawaru
  1481 | D:2      | Reached skill level 1 in Shields
  1556 | D:2      | Learned a level 3 spell: Regeneration
  1560 | D:2      | Learned a level 3 spell: Vampiric Draining
  1658 | D:3      | Reached XP level 5. HP: 14/21 MP: 4/10
  1895 | D:3      | Reached skill level 5 in Necromancy
  2208 | D:3      | Reached skill level 1 in Fighting
  2208 | D:3      | Gained mutation: You heal very quickly. [Vine Stalker growth]
  2208 | D:3      | Reached XP level 6. HP: 12/27 MP: 1/11
  2542 | D:3      | Noticed Glider's ghost (amateur HOGl)
  2580 | D:3      | Found a faded altar to an unknown god.
  2798 | D:3      | Reached * piety under Okawaru
  3456 | D:4      | Found a white marble altar of Elyvilon.
  3565 | D:4      | Found a sacrificial altar of Ru.
  3668 | D:4      | Noticed Pikel
  3934 | D:4      | Found a shadowy altar of Dithmenos.
  3948 | D:4      | Reached XP level 7. HP: 28/30 MP: 8/12
  3998 | D:4      | Found a radiant altar of Vehumet.
  5125 | D:5      | Entered Level 5 of the Dungeon
  5151 | D:5      | Found a staircase to the Ecumenical Temple.
  5164 | Temple   | Entered the Ecumenical Temple
  5352 | D:5      | Got a warped short sword
  5388 | D:5      | Found Qoodul's Distillery.
  5643 | D:5      | Reached skill level 6 in Necromancy
  5948 | D:5      | Identified the +3 short sword of Ceont {flame, Dex+7} (You found it on level 5 of the Dungeon)
  6029 | D:5      | Got an encrusted bardiche
  6057 | D:5      | Reached ** piety under Okawaru
  6067 | D:5      | Found a sparkling altar of Nemelex Xobeh.
  6302 | D:6      | Reached skill level 1 in Invocations
  6302 | D:6      | Gained mutation: You have razor-sharp teeth. [Vine Stalker growth]
  6302 | D:6      | Reached XP level 8. HP: 32/36 MP: 13/13
  6405 | D:6      | Found a glowing drain.
  6409 | Sewer    | Entered a sewer
  6495 | Sewer    | Found a white marble altar of Elyvilon.
  6588 | D:6      | Reached skill level 1 in Armour
  6679 | D:6      | Reached *** piety under Okawaru
  6775 | D:6      | Reached skill level 1 in Long Blades
  6838 | D:6      | Found a stormy altar of Qazlal.
  7065 | D:6      | Reached **** piety under Okawaru
  7118 | D:6      | Reached XP level 9. HP: 40/40 MP: 9/14
  7404 | D:7      | Found Xaadauk's Weapon Boutique.
  7547 | D:7      | Received a gift from Okawaru
  8496 | D:7      | Reached skill level 5 in Long Blades
  8897 | D:8      | Noticed Joseph
  8911 | D:8      | Slain by Joseph

Action                   |  1- 3 |  4- 6 |  7- 9 || total
-------------------------+-------+-------+-------++-------
Melee: Club              |     6 |       |       ||     6
       Dagger            |    33 |   162 |    56 ||   251
       Short sword       |       |       |   199 ||   199
Throw: Stone             |     5 |     1 |       ||     6
       Tomahawk          |       |     1 |    16 ||    17
 Cast: Pain              |    47 |   123 |   246 ||   416
       Animate Skeleton  |    13 |    34 |    48 ||    95
       Vampiric Draining |       |     1 |     3 ||     4
Evoke: Wand              |       |       |     1 ||     1
  Use: Potion            |     8 |     2 |     3 ||    13
       Scroll            |     1 |     5 |     7 ||    13
 Stab: Sleeping          |     3 |     1 |     3 ||     7
       Distracted        |       |     1 |     1 ||     2
  Eat: Chunk             |     1 |     9 |    18 ||    28
       Meat ration       |       |       |     1 ||     1
       Fruit             |       |       |     1 ||     1
       Pizza             |       |       |     1 ||     1
